 Dungeon Crawl Stone Soup version 0.30-a0-329-g85436e0a43 (webtiles) character file.

Game seed: 4132303127359810069

96 koil the Grave Robber (level 4, -13/16 (25) HPs)
             Began as a Deep Elf Necromancer on Oct 28, 2022.
             Killed by divine providence
             ... invoked by an orc priest
              (16 damage)
             ... on level 3 of the Dungeon.
             The game lasted 00:07:52 (2132 turns).

koil the Grave Robber (Deep Elf Necromancer)        Turns: 2132, Time: 00:07:53

HP:   -13/16 (25)   AC:  6    Str:  5    XL:     4   Next: 41%
MP:   11/11         EV: 13    Int: 28    God:
Gold: 112           SH:  0    Dex: 15    Spells: 6/10 levels left

rFire   . . .      SeeInvis .    f - staff of death
rCold   . . .      Faith    .    (no shield)
rNeg    + . .      Spirit   .    z - +0 robe
rPois   .          Reflect  .    (no helmet)
rElec   .          Harm     .    t - +2 cloak
rCorr   .          Rampage  .    c - +0 pair of gloves
Will    .....                    (no boots)
Stlth   ++........               (no amulet)
HPRegen 0.22/turn                p - +6 ring of intelligence
MPRegen 0.12/turn                (no ring)

@: brilliant, very heavily drained
A: no striking features
a: no special abilities


You were on level 3 of the Dungeon.
You visited 1 branch of the dungeon, and saw 3 of its levels.

You collected 112 gold pieces.

Inventory:

Hand Weapons
 j - a +0 mace
 o - a +0 short sword
 r - a +2 whip of freezing
 x - a +3 quarterstaff of chaos
 B - a +0 dagger
Missiles
 d - 19 poisoned darts
Armour
 a - a +0 robe
 c - a +0 pair of gloves (worn)
 t - a +2 cloak (worn)
 y - a +0 cloak
 z - a +0 robe (worn)
Magical Staves
 f - a staff of death (weapon)
 k - a staff of air
Jewellery
 p - a +6 ring of intelligence (left hand)
 q - an amulet of reflection
Wands
 v - a wand of quicksilver (1)
Scrolls
 g - 4 scrolls of identify
 l - a scroll of immolation {unknown}
 m - a scroll of vulnerability {unknown}
 n - a scroll of amnesia {unknown}
 s - a scroll of poison {unknown}
 u - a scroll of enchant armour {unknown}
 A - a scroll of fear {unknown}
Potions
 b - a potion of magic
 h - a potion of curing {unknown}
 w - a potion of might {unknown}


   Skills:
 + Level 1.2 Fighting
 + Level 3.3 Dodging
 + Level 3.4 Stealth
 + Level 3.9 Spellcasting
 + Level 5.4 Necromancy


You had 6 spell levels left.
You knew the following spells:

 Your Spells              Type           Power      Damage    Failure   Level
a - Necrotise             Necr           100%       1d9       1%          1
b - Vampiric Draining     Necr           69%        2d10      2%          3

Your spell library contained the following spells:

 Spells                   Type           Power      Damage    Failure   Level
 Animate Dead             Necr           69%        N/A       9%          4
 Agony                    Necr           69%        N/A       22%         5
 Summon Forest            Summ/Tloc      4%         N/A       91%         5
 Summon Mana Viper        Hex/Summ       8%         N/A       91%         5
 Summon Cactus Giant      Summ           4%         N/A       100%        6


Dungeon Overview and Level Annotations

Branches:
Dungeon (3/15)

Altars:
Zin


Message History

The necrophage hits you.
You feel drained.
The necrophage attacks as you move away!
The necrophage hits you.
You feel drained.
Found a stone staircase leading up.
You hear the rusting of a drain nearby. 2 orcs come into view.
Found a stone staircase leading down.
The orc shouts! x2
An orc priest comes into view. It is wielding a +0 whip.
The orc moves out of view.
As you read the scroll labelled IDURUL FEGI, it crumbles to dust.
You feel aware of your surroundings.
You sensed 2 shops/portals.
It was a scroll of magic mapping.
The necrophage hits you.
You feel drained.
Unknown command.
As you read the scroll labelled OFUGUMAYBU, it crumbles to dust.
It is a scroll of identify.
i - a scroll of acquirement The orc priest shouts!
The orc barely misses you. The necrophage completely misses you.
Something appears at your feet! The orc barely misses you.
The necrophage closely misses you.
f - a staff of death The orc hits you with a +0 dagger.
The necrophage hits you.
You feel drained.
Your +2 whip of freezing stops glowing.
f - a staff of death (weapon)
Unknown command.
You hit the orc but do no damage. The orc hits you but does no damage.
The necrophage closely misses you. The necrophage hits you.
* * * LOW HITPOINT WARNING * * *
Unknown command.
Okay, then.
It was a potion of brilliance.
You feel clever all of a sudden. The orc hits you with a +0 hand axe.
* * * LOW HITPOINT WARNING * * *
The necrophage misses you.
The orc priest mumbles some strange prayers to Beogh against you.
Beogh smites you!
Ouch! That really hurt!
You die...

,,.........##.###****,*,,,,,,,,**
*,.#######.#..* *.#,,,,,,,,,,
*,,,,,** #.#.#* *#.**,,,,,****
,,**#<.###.#.# *#.,***,,,** ,**
*#.......# *#.,** ***** **
######..# ###>,** * #..# #oo,** *
##.###o#** * #..##@# * ##..n.# *
######


You could see a necrophage, an orc priest and 2 orcs.

Vanquished Creatures
  Jessica (D:3)
  Crazy Yiuf (D:2)
  2 bats (D:2)
  5 endoplasms
  3 giant cockroaches
  3 goblins (D:1)
  5 hobgoblins
  5 jackals
  A quokka (D:1)
  5 ball pythons
  A frilled lizard (D:1)
  3 kobolds
  4 rats
39 creatures vanquished.

Vanquished Creatures (collateral kills)
  A goblin (D:1)
1 creature vanquished.

Grand Total: 40 creatures vanquished

Notes
Turn   | Place    | Note
-------+----------+-------------------------------------------
     0 | D:1      | koil the Deep Elf Necromancer began the quest for the Orb.
     0 | D:1      | Reached XP level 1. HP: 10/10 MP: 6/6
   143 | D:1      | Reached XP level 2. HP: 14/16 MP: 2/8
   294 | D:1      | Reached skill level 5 in Necromancy
   948 | D:1      | Reached XP level 3. HP: 20/20 MP: 6/9
   952 | D:1      | Learned a level 3 spell: Vampiric Draining
  1441 | D:2      | Found a glowing silver altar of Zin.
  1819 | D:2      | Found a runed translucent door.
  1820 | D:2      | Noticed Crazy Yiuf
  1836 | D:2      | Killed Crazy Yiuf
  1837 | D:2      | Reached skill level 1 in Fighting
  1919 | D:3      | Noticed Jessica
  1926 | D:3      | Killed Jessica
  1927 | D:3      | Reached XP level 4. HP: 25/25 MP: 4/11
  2067 | D:3      | Noticed a necrophage
  2127 | D:3      | Identified a scroll of acquirement
  2128 | D:3      | Acquired a staff of death
  2132 | D:3      | Killed from afar by an orc priest

Illustrated notes

Levels and vault maps discovered:
D:1:      minmay_arrival_radiant_lines, layout_basic
D:2:      layout_loops_ring, basic_altar, uniq_crazy_yiuf_cottage
D:3:      layout_rooms, serial_shops, nicolae_shop_trees,
          gup_sewer_entry_spiral, uniq_jessica

Skill      XL: |  1  2  3 |
---------------+----------+-----
Necromancy     | 5 |  5.4
Stealth        | 3 |  3.4
Fighting       | 1 |  1.2
Dodging        | 3 |  3.3
Spellcasting   | |  3.9

Action                   |  1- 3 |  4- 6 || total
-------------------------+-------+-------++-------
Melee: Unarmed           |     4 |       ||     4
       Staff             |    17 |     1 ||    18
       Whip              |       |     3 ||     3
 Cast: Necrotise         |    58 |     6 ||    64
  Use: Scroll            |       |     3 ||     3
       Potion            |       |     1 ||     1
 Stab: Sleeping          |     2 |       ||     2
Armor: Robe              |    12 |     7 ||    19
Dodge: Dodged            |    28 |    13 ||    41

Table legend: (Time is in decaauts)
 A = Elapsed time spent in this place.
 B = Non-inter-level travel time spent in this place.
 C = Inter-level travel time spent in this place.
 D = Time resting spent in this place.
 E = Time spent auto-exploring this place.
 F = Levels seen in this place.
 G = Mean time per level.
                   A        B        C        D        E       F      G
               +--------+--------+--------+--------+--------+-----+--------+
         Total |   2132 |   2094 |     38 |      0 |   1721 |   3 |  710.7 |
       Dungeon |   2132 |   2094 |     38 |      0 |   1721 |   3 |  710.7 |
               +--------+--------+--------+--------+--------+-----+--------+

Top non-repeatable levels by time:
     D:1: 1136 daAuts
     D:2: 782 daAuts
     D:3: 213 daAuts
